 Dungeon Crawl Stone Soup version 0.30.1-11-g7821555f0a (webtiles) character file.

Game seed: 6926022517687872552

455786 zerowinglad the Conqueror (level 23, -4/216 HPs)
             Began as a Minotaur Berserker on Dec 25, 2023.
             Was an Elder of Trog.
             Slain by an azure jelly (20 damage)
             ... created by the Royal Jelly
             ... on level 4 of the Pits of Slime on Dec 27, 2023.
             The game lasted 06:34:46 (53358 turns).

zerowinglad the Conqueror (Minotaur Berserker)     Turns: 53358, Time: 06:34:48

Health: -4/216     AC:  5    Str: 33    XL:     23   Next: 27%
Magic:  22/22      EV: 22    Int:  2    God:    Trog [****..]
Gold:   884        SH: 38    Dex: 26    Spells: 20/22 levels left

rFire   + . .        g - +6 eveningstar (heavy)
rCold   + . .        w - +18 shield of the Gong {Loud rN+ Will+ rCorr EV-5}
rNeg    + . .        Z - +8 plate armour {rF+}
rPois   +            B - +2 hat
rElec   .            X - +2 cloak {Stlth+}
rCorr   +            O - +0 pair of gloves
SInv    .            m - +2 pair of boots of the Game of Kings {rCorr Dex+2}
Will    ++...        N - amulet "Amaethyo" {-Cast rC+ Regen+ Dex+8} Stlth
                     z - +6 ring of dexterity
HPRegen 1.36/turn    b - ring of poison resistance
MPRegen 0.18/turn

%: no spellcasting
@: mighty, corroded, on berserk cooldown, slowed, invisible, very slow
A: horns 2, retaliatory headbutt, dopey 1, frail 1, screaming 1
}: 2/15 runes: decaying, serpentine
a: Renounce Religion, Berserk, Trog's Hand, Brothers in Arms


You were on level 4 of the Pits of Slime.
You worshipped Trog.
Trog was greatly pleased with you.
You visited 9 branches of the dungeon, and saw 45 of its levels.
You visited the Abyss 1 time.
You visited 2 bazaars.

You collected 5632 gold pieces.
You spent 4748 gold pieces at shops.

Inventory:

Hand Weapons
 g - a +6 heavy eveningstar (weapon)
 E - the +10 morningstar "Eos" {elec, Halo rElec}
   (You bought it in a shop on level 2 of the Orcish Mines)

   Halo:      It grants its wielder a halo, revealing invisible creatures and
   increasing accuracy against all within it other than the wielder.
   rElec:     It insulates you from electricity.
Armour
 l - the +0 kite shield of Juonn {rPois Dex+4}
   (You found it on level 2 of the Dungeon)

   Dex:       It affects your dexterity (+4).
   rPois:     It protects you from poison.
 m - the +2 pair of boots of the Game of Kings (worn) {rCorr Dex+2}
   (You found it on level 3 of the Elven Halls)

   Dex:       It affects your dexterity (+2).
   rCorr:     It protects you from acid and corrosion.
 w - the +18 shield of the Gong (worn) {Loud rN+ Will+ rCorr EV-5}
   (You found it on level 3 of the Vaults)

   Loud:      It is deafeningly noisy when blocking attacks.
   EV:        It affects your evasion (-5).
   rN:        It protects you from negative energy.
   rCorr:     It protects you from acid and corrosion.
   Will:      It increases your willpower.
 B - a +2 hat (worn)
 M - the +3 plate armour "Bosommat" {rElec}
   (You bought it in a shop in a bazaar)

   rElec:     It insulates you from electricity.
 O - a +0 pair of gloves (worn)
 W - the +5 Storm Queen's Shield {shock, Fly rElec}
   (You acquired it on level 1 of the Snake Pit)

   Shock:     When it blocks an attack, it may electrocute the attacker.
   This works even against foes who are a short distance away.
   rElec:     It insulates you from electricity.
   Fly:       It grants you flight.
 X - a +2 cloak of stealth (worn)
 Z - a +8 plate armour of fire resistance (worn)
Jewellery
 b - a ring of poison resistance (right hand)
 i - a ring of protection from fire
 n - a +5 ring of evasion
 o - the ring of Wudd {rCorr Str+2 SInv}
   (You found it on level 3 of the Crypt)

   [ring of resist corrosion]

   Str:       It affects your strength (+2).
   SInv:      It lets you see invisible.
   rCorr:     It protects you from acid and corrosion.
 q - a ring of positive energy
 r - an amulet of faith
 t - a ring of protection from fire
 u - the ring "Ysym" {MP-9 Str+6 Int+8 Slay-5 Stlth+}
   (You took it off a deep elf pyromancer on level 3 of the Elven Halls)

   [ring of strength]

   Str:       It affects your strength (+6).
   Int:       It affects your intelligence (+8).
   Slay:      It affects your accuracy & damage with ranged weapons and melee
   (-5).
   MP:        It affects your magic capacity (-9).
   Stlth:     It makes you more stealthy.
 z - a +6 ring of dexterity (left hand)
 G - the ring of the Tempest {+Blink rN+ Dex+3}
   (You took it off an ancient champion on level 3 of the Crypt)

   [ring of positive energy]

   Dex:       It affects your dexterity (+3).
   rN:        It protects you from negative energy.
   +Blink:    It lets you blink.
 N - the amulet "Amaethyo" (around neck) {-Cast rC+ Regen+ Dex+8}
   (You found it on level 5 of the Lair of Beasts)

   [amulet of regeneration]

   Dex:       It affects your dexterity (+8).
   rC:        It protects you from cold.
   -Cast:     It prevents spellcasting.
   Regen:     It increases your rate of health regeneration.
Wands
 a - a wand of iceblast (4)
 e - a wand of flame (17)
 p - a wand of quicksilver (5)
 C - a wand of charming (76)
 F - a wand of polymorph (28)
 L - a wand of mindburst (44)
 Y - a wand of digging (12)
Scrolls
 d - 10 scrolls of poison
 f - 39 scrolls of identify
 y - 2 scrolls of fear
 H - 6 scrolls of magic mapping
 P - a scroll of summoning
 U - 2 scrolls of brand weapon
Potions
 c - 5 potions of curing
 h - a potion of ambrosia
 j - 6 potions of magic
 s - 6 potions of attraction
 v - 7 potions of flight
 x - 4 potions of might
 D - 3 potions of invisibility
 K - 4 potions of cancellation
 Q - 2 potions of resistance
 S - 4 potions of berserk rage
 V - a potion of lignification
Miscellaneous
 I - a box of beasts
 J - a lightning rod (4/4)


   Skills:
 O Level 27 Fighting
 - Level 16.0 Maces & Flails
 - Level 18.0 Armour
 * Level 22.3 Dodging
 O Level 27 Shields


You had 20 spell levels left.
You knew the following spells:

 Your Spells              Type           Power      Damage    Failure   Level
a - Blink                 Tloc           0%         N/A       99%         2

Your spell library contained the following spells:

 Spells                   Type           Power      Damage    Failure   Level
 Ensorcelled Hibernation  Hex/Ice        0%         N/A       99%         2
 Passwall                 Tmut/Erth      0%         N/A       99%         2
 Stone Arrow              Conj/Erth      0%         3d7       100%        3
 Swiftness                Air            0%         N/A       100%        3
 Animate Armour           Summ/Erth      0%         N/A       100%        4
 Manifold Assault         Tloc           0%         N/A       100%        4
 Storm Form               Tmut/Air       0%         N/A       100%        7
 Lehudib's Crystal Spear  Conj/Erth      0%         10d2      100%        8


Dungeon Overview and Level Annotations

Branches:
Dungeon (15/15)            Temple (0/1) D:4            Lair (5/5) D:9
  Swamp (4/4) Lair:2        Snake (4/4) Lair:2        Slime (5/5) Lair:4
    Orc (2/2) D:10            Elf (3/3) Orc:2        Vaults (4/5) D:14
  Crypt (3/3) Vaults:3       Tomb (0/3) Crypt:3      Depths (0/4) D:15

Altars:
Fedhas
Kikubaaqudgha
Makhleb
Ru
Trog
Uskayaw
Vehumet
Yredelemnul

Shops:
D:13 *   Orc:2 [!(?[   Elf:2 *   Snake:1 **   Snake:3 ?   Vaults:2 =
Vaults:3 ?

Annotations:
Lair:3 exclusion: oklob plant
Slime:5 Royal Jelly
Elf:2 1 runed translucent door
Elf:3 36 runed doors


Innate Abilities, Weirdness & Mutations

You have a pair of horns on your head.
You reflexively headbutt those who attack you in melee.
You are dopey. (Int -2)
You are frail. (-10% HP)
You occasionally shout uncontrollably at your foes.


Message History

BONNNG!
The azure jelly completely misses you. x2
The azure jelly hits you but does no damage.
You fail to use your ability.
You block the azure jelly's attack.
BOUMMMMG!
You block the azure jelly's attack.
PTOANNNG!
You block the azure jelly's attack.
BONNNG!
The azure jelly hits you.
* * * LOW HITPOINT WARNING * * *
You block the azure jelly's attack.
BOUMMMMG!
The azure jelly hits you but does no damage.
The azure jelly closely misses you. The azure jelly barely misses you.
You fail to use your ability.
The acid blob spits acid at you. The splash of acid misses you.
You block the azure jelly's attack.
BONNNG!
You block the azure jelly's attack.
GONNNNG!
You block the azure jelly's attack.
GONNNNG!
The azure jelly closely misses you. The acid blob spits acid at you.
The splash of acid misses you.
You fail to use your ability.
You block the azure jelly's attack.
BONNNG!
You block the azure jelly's attack.
GONNNNG!
The azure jelly barely misses you. The azure jelly closely misses you.
The azure jelly completely misses you. You block the azure jelly's attack.
BOUMMMMG!
The azure jelly misses you. The azure jelly hits you!
* * * LOW HITPOINT WARNING * * *
The acid blob misses you. The azure jelly closely misses you.
The azure jelly hits you.
* * * LOW HITPOINT WARNING * * *
The azure jelly freezes you!! You resist.
You die...

....##........##### ###
....###.##...### ###.###
....# ####...#.## ##......
...## ##.......## #.......
#### #.......#.## #.......
# ##.........## ##......#
#..........# ##.#.#....
#....#....J## #...##...#
##..###..@J.######.##....#
#### ##..J.#.#.#.........
#.........#........
########.................
##.#.#.###............#...
#....................#....
#.................ยง......
##................>......
#.........#........<....


You could see an acid blob and 2 azure jellies.

Vanquished Creatures
  Khufu (Crypt:1)
  2 royal mummies (Crypt:1)
  Boris (4 times) (Vaults:3 Crypt:1 Crypt:2 Crypt:3)
  Saint Roka (Vaults:3)
  Margery (Vaults:4)
  A profane servitor (Crypt:3)
  2 bone dragons
  A shard shrike zombie (Crypt:2)
  Jorgrun (Orc:1)
  Zenata (Crypt:2)
  A walking earthen tome (Abyss:4)
  3 deep elf blademasters (Elf:3)
  2 liches (Crypt:3)
  A deep elf master archer (Elf:3)
  18 acid blobs
  Frances (Swamp:2)
  10 ancient champions
  Kirke (D:14)
  2 tentacled starspawn (Abyss:4)
  3 sphinxes
  A tengu reaver (Vaults:3)
  9 azure jellies
  10 rockslimes
  Donald (Swamp:1)
  4 revenants
  15 nagarajas (Snake:4)
  5 deep elf sorcerers
  13 vault wardens
  The ghost of kelmen2 the Severer, a journeyman MiBe of Trog (Snake:3)
  A curse skull (Crypt:1)
  6 deep elf elementalists (Elf:3)
  14 ghouls
  Aizul (Snake:2)
  14 ironbound preservers
  4 very ugly things (Vaults:4)
  2 war gargoyles
  8 quicksilver oozes
  5 vampire knights
  6 ironbound thunderhulks
  8 bunyips
  Azrael (D:15)
  4 deep elf demonologists (Elf:3)
  7 deep elf annihilators (Elf:3)
  7 eleionomae
  10 deep elf death magi
  5 crystal guardians
  6 dire elephants
  An ettin (Vaults:3)
  4 eidola
  Josephine (Lair:3)
  6 deep elf high priests (Elf:3)
  9 jiangshi
  2 mummy priests (Crypt:3)
  A great orb of eyes (shapeshifter) (D:13)
  2 entropy weavers
  The ghost of N20BOY the Severer, a journeyman MiBe of Trog (D:11)
  8 yaktaur captains
  2 fenstrider witch zombies (Crypt:3)
  2 ice dragons (D:15)
  4 great orbs of eyes
  4 peacekeepers
  3 salamander tyrants
  20 hydras
  A spriggan air mage (Swamp:4)
  A spriggan zombie (Crypt:3)
  7 vault guards
  A radroach (shapeshifter) (Vaults:3)
  3 death knights
  Erica (D:9)
  2 ghost crabs
  2 ogre magi
  4 tengu warriors
  14 two-headed ogres
  17 centaur warriors
  12 ironbound frosthearts
  7 anacondas
  4 boulder beetles
  7 death yaks
  3 alligators
  A bennu skeleton (Crypt:3)
  11 naga warriors
  4 vampire magi
  17 naga sharpshooters
  2 thrashing horrors (Abyss:4)
  29 dancing weapons
  4 shock serpents
  3 orc high priests (Orc:2)
  4 hell knights (Vaults:4)
  18 deep elf knights
  A soul eater (Crypt:2)
  4 wretched stars (Abyss:4)
  3 shadow wraiths
  15 skeletal warriors
  4 salamander mystics
  3 goliath frogs
  8 flayed ghosts
  A shadow demon (Abyss:4)
  13 deep elf archers
  5 sea snakes (Snake:3)
  3 spriggan druids
  8 swamp dragons
  A spark wasp zombie (Crypt:1)
  2 glowing orange brains
  10 lindwurms
  43 deep trolls
  4 wizards
  6 phantasmal warriors
  7 naga ritualists
  5 bog bodies
  13 ironbound convokers
  31 deep elf pyromancers
  3 necromancers
  A shadow dragon zombie (Crypt:1)
  5 harpies (Vaults:3)
  11 mana vipers
  3 shining eyes
  24 deep elf zephyrmancers
  A jorogumo zombie (Crypt:3)
  19 ugly things
  7 orc sorcerers
  5 orc knights
  3 will-o-the-wisps
  12 salamanders
  A cyclops (D:15)
  3 manticores
  A fire giant zombie (Crypt:1)
  2 stone giant zombies
  12 elephants (Lair:5)
  41 black mambas
  A centaur zombie (Crypt:3)
  A frost giant skeleton (Crypt:1)
  A demonic crawler (Abyss:4)
  16 naga magi
  14 vault sentinels
  An orange demon (Abyss:4)
  5 guardian serpents
  2 smoke demons (Abyss:4)
  2 eyes of devastation (Slime:4)
  A torpor snail (Lair:1)
  A naga skeleton (Crypt:3)
  A molten gargoyle (Lair:2)
  3 gargoyles (D:12)
  A death yak zombie (Crypt:2)
  A titan simulacrum (Crypt:3)
  A centaur skeleton (Crypt:3)
  A rime drake (Lair:3)
  11 cane toads
  A steelbarb worm zombie (Crypt:2)
  8 kobold demonologists
  2 unseen horrors
  A komodo dragon (shapeshifter) (D:14)
  24 yaktaurs
  9 komodo dragons
  A mana viper zombie (Crypt:2)
  An efreet (D:15)
  8 freezing wraiths
  A death yak skeleton (Crypt:3)
  An ancient zyme (Abyss:4)
  4 guardian mummies (Crypt:3)
  10 trolls
  A queen bee (D:11)
  A bloated husk (Swamp:1)
  A hellwing (Abyss:4)
  18 hornets
  3 polar bears (Lair:5)
  13 tyrant leeches
  An ice dragon zombie (Crypt:3)
  A raiju (Abyss:4)
  10 blink frogs
  26 spriggans
  124 slime creatures
  2 small abominations (Abyss:4)
  10 flying skulls
  A jumping spider (shapeshifter) (D:12)
  26 yaks
  2 water elementals
  2 air elementals
  A shadow (D:9)
  A centaur simulacrum (D:13)
  A slime creature zombie (Crypt:1)
  5 large abominations (Abyss:4)
  4 ushabtiu (Crypt:3)
  14 wraiths
  2 wyverns
  3 fire bats (Abyss:4)
  8 starcursed masses (Abyss:4)
  7 fire elementals
  3 humans (Snake:4)
  Grum (Lair:1)
  3 basilisks
  2 steam dragons
  Eustachio (D:6)
  3 redbacks (Vaults:1)
  9 vampire mosquitoes
  3 chaos spawn (Abyss:4)
  25 swamp worms
  2 neqoxecs (Abyss:4)
  2 wargs
  2 wind drake skeletons
  34 nagas
  A yaktaur simulacrum (Vaults:3)
  4 acid dragons
  A deep troll skeleton (Crypt:1)
  A floating eye (Slime:2)
  22 water moccasins
  4 hell hounds (D:15)
  10 swamp drakes
  23 orc warriors
  A demonspawn skeleton (Crypt:3)
  2 ice beasts (D:6)
  8 ogres
  A manticore zombie (Crypt:2)
  3 boggarts (Lair:5)
  5 black bears
  3 sky beasts
  34 wolves
  15 centaurs
  10 kobold brigands
  A phantom (D:6)
  6 bullfrogs
  7 necrophages
  4 earth elementals
  4 gnoll sergeants
  6 scorpions
  A water moccasin skeleton (Crypt:1)
  25 killer bees
  2 human simulacra (Vaults:3)
  7 howler monkeys
  5 electric eels
  A polar bear skeleton (Crypt:1)
  A lava snake (Lair:2)
  A wolf skeleton (Crypt:1)
  6 hounds
  A gnoll bouda (D:9)
  15 orc priests
  2 jellies
  2 sleepcaps
  Jessica (D:2)
  An iguana (D:5)
  Ijyb (D:3)
  3 hell rats (Lair:5)
  15 orc wizards
  A boggart skeleton (Crypt:1)
  13 mummies
  Robin (D:2)
  26 gnolls
  8 adders
  4 river rats (Lair:5)
  A steam dragon skeleton (Crypt:2)
  A steam dragon zombie (Crypt:3)
  2 shadow imps
  A white imp (D:7)
  A lava snake zombie (Crypt:3)
  A worm (D:4)
  3 dart slugs
  68 orcs
  4 ball pythons
  4 endoplasms
  4 giant cockroaches
  7 hobgoblins
  3 jackals
  31 kobolds
  2 quokkas
  7 bats
  4 frilled lizards
  A gnoll zombie (Crypt:1)
  14 goblins
  19 rats
  A butterfly (Lair:2)
  A spectral weapon (Swamp:4)
1830 creatures vanquished.

Vanquished Creatures (collateral kills)
  3 hydras (Swamp:4)
  A death knight (Crypt:1)
  A death yak (D:9)
  3 spriggan druids
  3 swamp dragons (Swamp:4)
  A bog body (Swamp:4)
  A hornet (Swamp:4)
  A spriggan (Swamp:4)
  A wraith (Crypt:1)
  3 yaks (D:9)
  2 vampire mosquitoes (Swamp:1)
  A swamp drake (Swamp:4)
  An orc warrior (Orc:2)
  A spectral weapon (Swamp:4)
23 creatures vanquished.

Vanquished Creatures (others)
  Nikola (Swamp:1)
  A hydra (Swamp:4)
  A swamp dragon (Swamp:1)
  2 deep elf zephyrmancers
  2 bloated husks
  2 humans (D:14)
  An orc wizard (Orc:2)
  A hell rat (Lair:5)
  2 orcs
  50 foxfires
  7 starspawn tentacles (Abyss:4)
70 creatures vanquished.

Grand Total: 1923 creatures vanquished

Notes
Turn   | Place    | Note
-------+----------+-------------------------------------------
     0 | D:1      | zerowinglad the Minotaur Berserker began the quest for the
                  | Orb.
     0 | D:1      | Reached XP level 1. HP: 19/19 MP: 0/0
   181 | D:1      | Reached XP level 2. HP: 25/27 MP: 1/1
   934 | D:2      | Reached ** piety under Trog
   935 | D:2      | Reached XP level 3. HP: 32/33 MP: 2/2
  1021 | D:2      | Identified the +0 kite shield of Juonn {rPois Dex+4}
  1040 | D:2      | Reached skill level 5 in Maces & Flails
  1094 | D:2      | Noticed Robin
  1116 | D:2      | Killed Robin
  1120 | D:2      | Reached XP level 4. HP: 19/41 MP: 3/3
  1462 | D:2      | Noticed Jessica
  1470 | D:2      | Killed Jessica
  1791 | D:3      | Reached *** piety under Trog
  1801 | D:3      | Reached XP level 5. HP: 39/47 MP: 4/4
  1854 | D:3      | Noticed Ijyb
  1881 | D:3      | Killed Ijyb
  1882 | D:3      | Reached skill level 5 in Fighting
  2718 | D:4      | Reached XP level 6. HP: 56/56 MP: 5/5
  2935 | D:4      | Found a staircase to the Ecumenical Temple.
  2947 | D:4      | You fall into a shaft and drop 2 floors!
  2948 | D:6      | Noticed a water moccasin
  2953 | D:6      | Noticed a sky beast
  2959 | D:6      | Killed a water moccasin
  2970 | D:5      | Entered Level 5 of the Dungeon
  2975 | D:5      | Killed a sky beast
  2976 | D:5      | Reached XP level 7. HP: 16/63 MP: 6/6
  3368 | D:5      | Found a bloodstained altar of Trog.
  4264 | D:5      | Reached XP level 8. HP: 53/73 MP: 7/7
  4287 | D:5      | Reached skill level 10 in Maces & Flails
  5154 | D:6      | Reached **** piety under Trog
  5635 | D:6      | Reached XP level 9. HP: 82/83 MP: 8/8
  5666 | D:6      | Noticed Eustachio
  5743 | D:6      | Killed Eustachio
  6402 | D:7      | Reached skill level 10 in Fighting
  6403 | D:7      | Reached skill level 5 in Armour
  6719 | D:7      | Found a burning altar of Makhleb.
  6728 | D:7      | Noticed a komodo dragon
  6751 | D:7      | Killed a komodo dragon
  7579 | D:8      | Reached XP level 10. HP: 82/96 MP: 9/9
  8013 | D:8      | Found a hide-covered altar of Uskayaw.
  8428 | D:8      | Reached skill level 1 in Shields
  8501 | D:8      | Reached ***** piety under Trog
  8781 | D:9      | Noticed a death yak
  8795 | D:9      | Noticed a death yak
  8799 | D:9      | Noticed a death yak
  8809 | D:9      | Killed a death yak
  8816 | D:9      | Killed a death yak
  8817 | D:9      | Reached skill level 5 in Shields
  8822 | D:9      | Killed a death yak
  8970 | D:9      | Found a staircase to the Lair.
  8983 | D:9      | Noticed Erica
  9007 | D:9      | Killed Erica
  9076 | D:9      | Noticed a manticore
  9077 | D:9      | Noticed a two-headed ogre
  9095 | D:9      | Killed a two-headed ogre
  9096 | D:9      | Reached skill level 10 in Armour
  9096 | D:9      | Reached XP level 11. HP: 92/103 MP: 10/10
  9574 | D:9      | Reached skill level 10 in Shields
  9781 | Lair:1   | Entered Level 1 of the Lair of Beasts
  9804 | Lair:1   | You fall into a shaft and drop 1 floor!
 10028 | Lair:2   | Found a staircase to the Snake Pit.
 10134 | Lair:2   | Noticed a boulder beetle
 10156 | Lair:2   | Killed a boulder beetle
 10839 | Lair:2   | Noticed a seven-headed hydra
 10840 | Lair:2   | Noticed an eight-headed hydra
 10851 | Lair:2   | Killed a seven-headed hydra
 10853 | Lair:2   | Killed an eight-headed hydra
 10959 | Lair:2   | Found a staircase to the Swamp.
 11080 | Lair:2   | Noticed a deep troll
 11091 | Lair:2   | Killed a deep troll
 11092 | Lair:2   | Reached XP level 12. HP: 113/113 MP: 11/11
 11134 | Lair:3   | Noticed a four-headed hydra
 11150 | Lair:3   | Killed a four-headed hydra
 11267 | Lair:3   | Noticed Josephine
 11281 | Lair:3   | Noticed a seven-headed hydra
 11298 | Lair:3   | Killed Josephine
 11308 | Lair:3   | Killed a seven-headed hydra
 12411 | Lair:4   | Found a staircase to the Slime Pits.
 12698 | Lair:4   | Noticed a five-headed hydra
 12707 | Lair:4   | Killed a five-headed hydra
 12708 | Lair:4   | Reached skill level 15 in Armour
 12953 | Lair:5   | Entered Level 5 of the Lair of Beasts
 13305 | Lair:5   | Reached skill level 15 in Fighting
 13361 | Lair:5   | Reached XP level 13. HP: 101/127 MP: 12/12
 15266 | Lair:5   | Identified the amulet "Amaethyo" {-Cast rC+ Regen+ Dex+8}
 15451 | Lair:5   | Identified the +2 leather armour of the Echidna {Int+2}
 15676 | Lair:1   | Noticed Grum
 15727 | Lair:1   | Killed Grum
 16168 | Lair:1   | Reached XP level 14. HP: 129/141 MP: 13/13
 16530 | D:10     | Entered Level 10 of the Dungeon
 17109 | D:10     | Found a staircase to the Orcish Mines.
 17157 | Orc:1    | Entered Level 1 of the Orcish Mines
 17291 | D:10     | Received a gift from Trog
 17375 | Orc:1    | Noticed Jorgrun
 17402 | Orc:1    | Killed Jorgrun
 17606 | Orc:2    | Entered Level 2 of the Orcish Mines
 17606 | Orc:2    | Found a staircase to the Elven Halls.
 17734 | Orc:2    | Found Nifust's Armour Shoppe.
 17994 | Orc:2    | Found Nichoh's Magic Scroll Boutique.
 18508 | Orc:2    | Found Ecsil's Antique Armour Boutique.
 18511 | Orc:2    | Found Zeen's Distillery.
 18733 | Orc:2    | Found Bifri's Weapon Emporium.
 18736 | Orc:2    | Bought a scroll of identify for 36 gold pieces
 18736 | Orc:2    | Bought a scroll of blinking for 135 gold pieces
 18736 | Orc:2    | Bought a scroll of identify for 36 gold pieces
 18736 | Orc:2    | Bought a scroll of identify for 36 gold pieces
 18738 | Orc:2    | Bought the +10 morningstar "Eos" {elec, Halo rElec} for
                  | 1184 gold pieces
 18738 | Orc:2    | Found the +10 morningstar "Eos" {elec, Halo rElec}
 18757 | Orc:2    | Bought a potion of curing for 39 gold pieces
 18757 | Orc:2    | Bought a potion of curing for 39 gold pieces
 18757 | Orc:2    | Bought a potion of haste for 130 gold pieces
 19633 | Swamp:1  | Entered Level 1 of the Swamp
 19633 | Swamp:1  | Noticed Donald
 19633 | Swamp:1  | Found the +9 sword of Power {lifebolt}
 19640 | Swamp:1  | Killed Donald
 19723 | Swamp:1  | Noticed Nikola
 19756 | Swamp:1  | HP: 1/147 [Nikola/arc of chain lightning (51)]
 19756 | Swamp:1  | Killed Nikola
 20752 | D:11     | Identified the +7 battleaxe of the Owl {protect, rF+ Int+3
                  | Dex+2}
 21039 | D:11     | Identified the +1 helmet of Nuffots {Will- Int+4 Dex+3}
 21050 | D:11     | Found a runed translucent door.
 21056 | D:11     | Noticed N20BOY's ghost (journeyman MiBe)
 21644 | D:11     | Killed N20BOY's ghost
 21709 | D:12     | Reached skill level 15 in Maces & Flails
 21868 | D:12     | Reached XP level 15. HP: 150/155 MP: 14/14
 21938 | D:12     | Found a blossoming altar of Fedhas.
 22502 | D:13     | Found a flickering gateway to a bazaar.
 22502 | D:13     | Found a gate leading to a gauntlet.
 22517 | Bazaar   | Entered a bazaar
 22517 | Bazaar   | Found Figraruw's Distillery.
 22517 | Bazaar   | Found Viczuw's Magic Scroll Shop.
 22517 | Bazaar   | Found Iho Deegg's General Store.
 22520 | Bazaar   | Found Qidesasu's Weapon Boutique.
 22520 | Bazaar   | Found Reigaec's Magic Scroll Shoppe.
 22556 | Bazaar   | Bought a potion of heal wounds for 40 gold pieces
 22574 | Bazaar   | Bought a potion of resistance for 80 gold pieces
 22789 | D:13     | Found Teomah's Profane Products.
 22809 | D:13     | Received a gift from Trog
 23047 | D:13     | Identified the orb "Pephoppu" {guile, Dex+3}
 23340 | D:14     | Noticed Kirke
 23353 | D:14     | Killed Kirke
 23516 | Orc:2    | Bought a runed plate armour for 832 gold pieces
 24350 | Swamp:2  | Noticed Frances
 24453 | Swamp:2  | Killed Frances
 24609 | Swamp:2  | Identified a scroll of acquirement
 25126 | Swamp:3  | Reached XP level 16. HP: 130/171 MP: 15/15
 25844 | Swamp:3  | Identified the +1 robe "Urid" {rPois rF+ Str+7 Int-5}
 25910 | Swamp:4  | Entered Level 4 of the Swamp
 26698 | Swamp:4  | Got a decaying rune of Zot
 27069 | Snake:1  | Entered Level 1 of the Snake Pit
 27135 | Snake:1  | Acquired the +5 Storm Queen's Shield {shock, Fly rElec}
 27135 | Snake:1  | Found the +5 Storm Queen's Shield {shock, Fly rElec}
 27224 | Snake:1  | Found Dewiweghex's Assorted Antiques.
 27428 | Snake:1  | Found Nathreg's Assorted Antiques.
 28022 | Snake:2  | Noticed Aizul
 28038 | Snake:2  | Killed Aizul
 28257 | Snake:2  | Reached XP level 17. HP: 181/188 MP: 16/16
 28745 | Snake:2  | Received a gift from Trog
 29108 | Snake:3  | Reached skill level 27 in Fighting
 29118 | Snake:3  | Noticed kelmen2's ghost (journeyman MiBe)
 29141 | Snake:3  | Found a runed translucent door.
 29147 | Snake:3  | Found Bafiefur's Magic Scroll Boutique.
 29477 | Snake:3  | Reached skill level 5 in Dodging
 30194 | Snake:3  | Killed kelmen2's ghost
 30267 | Snake:4  | Entered Level 4 of the Snake Pit
 30752 | Snake:4  | Found a flickering gateway to a bazaar.
 30771 | Bazaar   | Entered a bazaar
 30771 | Bazaar   | Found Jezemat's Antique Armour Shop.
 30781 | Bazaar   | Found Puat's Antique Weapon Emporium.
 30796 | Bazaar   | Found Nyahe's Magic Scroll Boutique.
 30796 | Bazaar   | Found Sourenu's Book Boutique.
 30817 | Bazaar   | Found Lajiroz's General Store.
 30844 | Bazaar   | Bought an ancient plate armour for 700 gold pieces
 30844 | Bazaar   | Identified the +3 plate armour "Bosommat" {rElec} (You
                  | bought it in a shop in a bazaar)
 31249 | Snake:4  | Received a gift from Trog
 31252 | Snake:4  | Reached skill level 10 in Dodging
 31536 | Snake:4  | Reached XP level 18. HP: 200/200 MP: 17/17
 31607 | Snake:4  | Got a serpentine rune of Zot
 32049 | Snake:3  | Bought a scroll of enchant weapon for 105 gold pieces
 32350 | D:14     | Identified the +7 spear "Nuricit" {heavy, Str+2 Dex+2}
 32732 | D:14     | Found a gate to the Vaults.
 32880 | D:15     | Entered Level 15 of the Dungeon
 33015 | D:15     | Paralysed by an ogre mage for 5 turns
 33061 | D:15     | Noticed Azrael
 33065 | D:15     | Killed Azrael
 33195 | D:15     | Found a staircase to the Depths.
 33431 | D:15     | Identified the +2 flail of Meager Expedience {pain, +Blink
                  | rF++ Dex-5}
 33451 | D:15     | Found a sacrificial altar of Ru.
 33690 | Elf:1    | Entered Level 1 of the Elven Halls
 33717 | Elf:1    | Found a radiant altar of Vehumet.
 33720 | Elf:1    | Received a gift from Trog
 34335 | Elf:1    | Reached skill level 15 in Shields
 34910 | Elf:2    | Received a gift from Trog
 34955 | Elf:2    | Found a crumbling gateway.
 35078 | Elf:2    | Found a runed translucent door.
 35107 | Elf:2    | Found a runed translucent door.
 35164 | Elf:2    | Found the +8 whip "Snakebite" {venom, curare, rPois}
 35285 | Elf:2    | Found Jutodid's Assorted Antiques.
 35704 | Elf:2    | Reached XP level 19. HP: 207/207 MP: 18/18
 35958 | Elf:3    | Entered Level 3 of the Elven Halls
 35966 | Elf:3    | Found a huge runed gate.
 35966 | Elf:3    | Found a huge runed gate.
 35966 | Elf:3    | Found a huge runed gate.
 35966 | Elf:3    | Found a huge runed gate.
 35967 | Elf:3    | Found a huge runed gate.
 35967 | Elf:3    | Found a huge runed gate.
 35968 | Elf:3    | Found a huge runed gate.
 35968 | Elf:3    | Found a huge runed gate.
 35968 | Elf:3    | Found a huge runed gate.
 35968 | Elf:3    | Found a huge runed gate.
 35973 | Elf:3    | Found a huge runed gate.
 35973 | Elf:3    | Found a huge runed gate.
 35973 | Elf:3    | Found a huge runed gate.
 35973 | Elf:3    | Found a huge runed gate.
 35973 | Elf:3    | Found a huge runed gate.
 35973 | Elf:3    | Found a huge runed gate.
 35974 | Elf:3    | Found a huge runed gate.
 36053 | Elf:3    | Found a huge runed gate.
 36053 | Elf:3    | Found a huge runed gate.
 36057 | Elf:3    | Found a huge runed gate.
 36057 | Elf:3    | Found a huge runed gate.
 36057 | Elf:3    | Found a huge runed gate.
 36057 | Elf:3    | Found a huge runed gate.
 36058 | Elf:3    | Found a huge runed gate.
 36059 | Elf:3    | Found a huge runed gate.
 36060 | Elf:3    | Found a huge runed gate.
 36061 | Elf:3    | Found a huge runed gate.
 36062 | Elf:3    | Found a huge runed gate.
 36194 | Elf:3    | Received a gift from Trog
 36222 | Elf:3    | Found a huge runed gate.
 36222 | Elf:3    | Found a huge runed gate.
 36223 | Elf:3    | Found a huge runed gate.
 36471 | Elf:3    | Found a huge runed gate.
 36473 | Elf:3    | Found a huge runed gate.
 36474 | Elf:3    | Found a huge runed gate.
 36475 | Elf:3    | Found a huge runed gate.
 36475 | Elf:3    | Found a huge runed gate.
 36576 | Elf:3    | Noticed a Tzitzimitl
 36577 | Elf:3    | Identified the +5 falchion "Yrytri Ular" {freeze, rPois rF+
                  | Will+ Int+3}
 36921 | Elf:3    | Paralysed by an air elemental for 1 turns
 36925 | Elf:3    | Paralysed by an air elemental for 1 turns
 37063 | Elf:3    | Identified the ring "Ysym" {MP-9 Str+6 Int+8 Slay-5 Stlth+}
 37064 | Elf:3    | Identified the +1 glaive of the Thing {venom, rElec rF+
                  | rC-}
 37148 | Elf:3    | Identified the +3 dagger of Havoc {flame, rElec Will++
                  | Str+4 Int-5}
 37182 | Elf:3    | Identified the +7 spear "Qenigov" {chaos, Str+8 Int+7}
 37182 | Elf:3    | Identified the +4 scale mail "Wumneurch" {rN+}
 37288 | Elf:3    | Identified the +2 pair of boots of the Game of Kings {rCorr
                  | Dex+2}
 37720 | Elf:2    | Was placed under penance by Trog
 37723 | Elf:2    | Learned a level 2 spell: Blink
 38087 | Orc:2    | Bought a shiny plate armour for 832 gold pieces
 38258 | Vaults:1 | Entered Level 1 of the Vaults
 38438 | Orc:2    | Bought a scroll of teleportation for 54 gold pieces
 38655 | Snake:1  | Bought a scroll of teleportation for 84 gold pieces
 38995 | Vaults:1 | Was forgiven by Trog
 39448 | Vaults:1 | Identified the +1 hand axe "Ogrebane" {flame, rN+ Int+4}
 39800 | Vaults:1 | Reached XP level 20. HP: 197/216 MP: 19/19
 40287 | Vaults:2 | Received a gift from Trog
 40660 | Vaults:2 | Found Qeeh's Jewellery Shoppe.
 41375 | Vaults:3 | Found a staircase to the Crypt.
 41409 | Vaults:3 | Paralysed by a sphinx for 5 turns
 41638 | Vaults:3 | Noticed Boris
 41650 | Vaults:3 | Killed Boris
 41836 | Vaults:3 | Found the +18 shield of the Gong {Loud rN+ Will+ rCorr
                  | EV-5}
 42261 | Vaults:3 | Found Beog's Magic Scroll Shoppe.
 42267 | Vaults:3 | Bought a scroll of enchant armour for 120 gold pieces
 42267 | Vaults:3 | Bought a scroll of teleportation for 48 gold pieces
 42267 | Vaults:3 | Bought a scroll of teleportation for 48 gold pieces
 42327 | Vaults:3 | Reached XP level 21. HP: 224/224 MP: 20/20
 42352 | Vaults:3 | Received a gift from Trog
 42352 | Vaults:3 | Noticed Saint Roka
 42619 | Vaults:3 | Killed Saint Roka
 43590 | Vaults:4 | Noticed Margery
 43607 | Vaults:4 | Killed Margery
 44387 | Crypt:1  | Entered Level 1 of the Crypt
 44410 | Crypt:1  | Noticed Khufu
 44415 | Crypt:1  | Noticed a royal mummy
 44417 | Crypt:1  | Noticed a royal mummy
 44505 | Crypt:1  | Reached skill level 15 in Dodging
 44639 | Crypt:1  | Noticed Boris
 44653 | Crypt:1  | Killed Boris
 44798 | Crypt:1  | Killed Khufu
 44898 | Crypt:1  | Killed a royal mummy
 44946 | Crypt:1  | Killed a royal mummy
 45931 | Elf:2    | Bought a potion of heal wounds for 170 gold pieces
 46754 | Crypt:2  | Found an ancient bone altar of Kikubaaqudgha.
 46760 | Crypt:2  | Reached XP level 22. HP: 233/233 MP: 21/21
 46830 | Crypt:2  | Noticed Boris
 46860 | Crypt:2  | Killed Boris
 47872 | Crypt:3  | Entered Level 3 of the Crypt
 47886 | Crypt:3  | Noticed Zenata
 47914 | Abyss:4  | Cast into level 4 of the Abyss (+2 war axe of distortion)
 48027 | Abyss:4  | Lost intelligence.
 48031 | Abyss:4  | Reached skill level 27 in Shields
 48077 | Abyss:4  | Paralysed by accursed screaming for 1 turns
 48235 | Abyss:4  | Gained mutation: You occasionally shout uncontrollably at
                  | your foes. [a neqoxec]
 48261 | Abyss:4  | Found a corrupted altar of Lugonu.
 48264 | Abyss:4  | Found a corrupted altar of Lugonu.
 48264 | Abyss:4  | Found a corrupted altar of Lugonu.
 48323 | Crypt:2  | Escaped the Abyss
 48332 | Crypt:2  | Killed Zenata
 48609 | Crypt:3  | Noticed Boris
 48621 | Crypt:3  | Killed Boris
 49084 | Crypt:3  | Identified the ring "Nutop" {rN+ Int+2}
 49476 | Crypt:3  | Identified the ring of the Tempest {+Blink rN+ Dex+3}
 49492 | Crypt:3  | Found an ancient bone altar of Kikubaaqudgha.
 49495 | Crypt:3  | Found a basalt altar of Yredelemnul.
 49514 | Crypt:3  | Identified the +2 long sword "Cosy" {venom, Drain Int+3
                  | Dex+3}
 49546 | Crypt:3  | Identified the ring of Wudd {rCorr Str+2 SInv}
 49760 | Crypt:3  | Found a staircase to the Tomb.
 50491 | Slime:1  | Entered Level 1 of the Pits of Slime
 50505 | Slime:1  | Gained mutation: You are dopey. (Int -2) [a shining eye]
 51533 | Slime:2  | Reached XP level 23. HP: 155/240 MP: 22/22
 52579 | Slime:5  | Entered Level 5 of the Pits of Slime
 52684 | Slime:5  | Noticed the Royal Jelly
 53278 | Slime:5  | Gained mutation: You are frail. (-10% HP) [a shining eye]
 53358 | Slime:4  | Slain by an azure jelly

Illustrated notes

Levels and vault maps discovered:
D:1:      wheals_arrival_linesprint, layout_basic
D:2:      layout_rooms, grunt_decor_cap, kennysheep_jessica_study, uniq_robin
D:3:      layout_basic, uniq_ijyb
D:4:      layout_rooms, minmay_temple_entry_enclosed_plants, serial_shops,
          nicolae_shop_rolling_square
D:5:      minmay_diamond_boxcup, layout_basic, trog_ov_bears_minmay
D:6:      layout_layer_cave, uniq_eustachio
D:7:      layout_loops_ring, bloody_makhleb, water_maze_lemuel
D:8:      layout_loops_corners, nicolae_uskayaw_dance_hall
D:9:      layout_big_octagon, dpeg_lair_monsters, uniq_erica
D:10:     layout_gridville, david_orc_3
D:11:     layout_rooms, ebering_ghost_inner_flame, serial_co_window_serial,
          co_window_of_opportunity_a, co_window_paths_a, co_window_cross_1,
          co_window_paths_a, co_window_paths_a, co_window_broadway_a,
          co_window_2corner, co_window_broadway_c, co_window_corner_ca,
          co_window_2corner, co_window_paths_d, co_window_paths_e,
          nicolae_looking_at_the_future
D:12:     layout_rooms, fedhas_altar_2
D:13:     layout_small_grid, serial_shops, bzr_entry_dummy,
          gauntlet_entry_generic, nicolae_evil_shop
D:14:     layout_cave_pools, hangedman_vaults_entry_quadrant_bands,
          serial_park_avenue1, uniq_kirke
D:15:     grunt_enter_depths_hoard, layout_rooms, minmay_misc_feat_cross,
          nicolae_ru_path_of_blood, uniq_azrael
Lair:1:   layout_cave_pods, chequers_serial_rivers_small_b, uniq_grum
Lair:2:   dreamdust_cave_troll, layout_gridlike, palyth_hydra_swamp_entry,
          minmay_snake_entry_six_corridors, lemuel_fruit_fields
Lair:3:   layout_regular_city, uniq_josephine
Lair:4:   layout_loops_ring, minmay_slime_entry_pillars
Lair:5:   minmay_lair_end_enchanted_forest, layout_regular_city,
          kennysheep_abandoned_house
Swamp:1:  layout_falls_marsh, nicolae_swamp_little_tower, uniq_donald,
          uniq_nikola
Swamp:2:  layout_falls_marsh, evilmike_swamp_ruin_house_5, swamp_pool5,
          uniq_frances
Swamp:3:  layout_basic_swamp, nicolae_swamp_oxbows
Swamp:4:  swamp, layout_basic_swamp, swamp_pool1, ldierk_geyser,
          infiniplex_staircase_pool
Snake:1:  layout_gridlike, serial_shops, nicolae_shop_real_fake_doors, shop,
          lemuel_fruit_tree
Snake:2:  layout_grid_shapes, uniq_aizul
Snake:3:  layout_grid_maze, serial_shops, shop, hellmonk_ghost_happy_afterlife,
          serial_bayou_shore_a
Snake:4:  grunt_snake_rune_spirals, layout_onion, serial_shops,
          bzr_entry_customers
Slime:1:  layout_caves, nicolae_slime_barrier
Slime:2:  layout_caves
Slime:3:  layout_caves
Slime:4:  layout_caves
Slime:5
Orc:1:    layout_diamond_mine, basic_altar, uniq_jorgrun
Orc:2:    st_orc_elflike, layout_caves, serial_shops,
          nicolae_shop_tiny_waterfront, basic_altar
Elf:1:    eino_elf_arrival_altar, layout_geoelf_grid, minivault_28,
          grunt_megastairs_2
Elf:2:    nicolae_elf_blades_splatter_lattice
          [nicolae_blade_entry_splitting_headache], layout_geoelf_octagon,
          portal_desolation_entry_nicolae_slug, serial_shops, nicolae_shop_trees
Elf:3:    minmay_elf_hall_quartered_circle, layout_geoelf_castle,
          not_door_vault_mu
Vaults:1: v_misc_3, hangedman_vaults_capsules, hangedman_vaults_trim,
          nicolae_vaults_tetromino_L_1, vaults_mumra_chevron_long,
          grunt_vaults_hallway_short, ontoclasm_vaults_fault,
          vaults_room_door_hall, nicolae_vaults_diamond_2,
          nicolae_vaults_diamond_1, layout_vaults_quadrants
Vaults:2: nicolae_vaults_gold_heap, hangedman_vaults_cutoff,
          hangedman_vaults_slither, nicolae_vaults_two_Ls,
          nicolae_vaults_house_3, vaults_room_pools, v_pattern_4,
          nicolae_vaults_what_the_h, layout_vaults_omnibox, serial_shops, shop
Vaults:3: dpeg_vaults_monster_row, minmay_crypt_entry_simple_statues,
          hellmonk_guarded_unrand_gong, nicolae_vaults_closet_pinwheel_1,
          vaults_mumra_minichess, layout_vaults_chaotic_city, serial_shops,
          nicolae_shop_trees, uniq_boris, uniq_saint_roka
Vaults:4: nicolae_vaults_wrenched, v_misc_28, v_alt_pattern_3,
          nicolae_vaults_meeting, v_rooms_3, v_misc_17, hangedman_vaults_pinch,
          nicolae_vaults_storage_closets_2, nicolae_vaults_network_quinsquares
          [nicolae_vaults_network_quincunx_subvault,
          nicolae_vaults_network_quincunx_subvault,
          nicolae_vaults_network_quincunx_subvault,
          nicolae_vaults_network_quincunx_subvault], layout_vaults_ring,
          serial_glass, uniq_margery
Crypt:1:  layout_misc_corridors, grunt_megastairs_4, uniq_khufu
Crypt:2:  layout_basic, basic_altar, grunt_megastairs_3, lemuel_upstairs_altar
Crypt:3:  lightli_unholy_cathedral, layout_chaotic_city,
          nicolae_tomb_entry_unfolded_pyramid_orthogonal, uniq_zenata

Skill      XL: |  1  2  3  4  5  6  7  8  9 10 11 12 13 14 15 16 17 18 19 20 21 22 23 |
---------------+----------------------------------------------------------------------+-----
Maces & Flails | 4 5 6 7 8 9 12 15 16 | 16.0
Fighting       | 4 5 6 7 9 11 12 15 17 19 22 26 27 | 27.0
Armour         | 7 10 13 15 18 | 18.0
Shields        | 8 10 17 22 25 26 27 | 27.0
Dodging        | 11 12 16 21 22 | 22.3

Action                     |  1- 3 |  4- 6 |  7- 9 | 10-12 | 13-15 | 16-18 | 19-21 | 22-24 || total
---------------------------+-------+-------+-------+-------+-------+-------+-------+-------++-------
  Melee: Mace              |    25 |       |       |       |       |       |       |       ||    25
         Headbutt          |    13 |    24 |    71 |   183 |   364 |   329 |   363 |   260 ||  1607
         Whip              |    54 |   134 |   373 |   686 |   859 |       |       |       ||  2106
         Morningstar       |       |       |       |       |   580 |  1040 |   503 |       ||  2123
         Eveningstar       |       |       |       |       |       |       |   701 |   778 ||  1479
  Throw: Throwing net      |       |     1 |       |       |     1 |       |     1 |       ||     3
 Invoke: Berserk           |       |     2 |     4 |    10 |    18 |    12 |    19 |     7 ||    72
         Trog's Hand       |       |       |     1 |     7 |    20 |    24 |    70 |    41 ||   163
         Brothers in Arms  |       |       |       |     1 |     5 |     2 |     4 |       ||    12
  Evoke: Wand              |       |       |       |     1 |       |       |       |     1 ||     2
    Use: Scroll            |       |    10 |     9 |     9 |    13 |    13 |    13 |     6 ||    73
         Potion            |       |       |       |     3 |    13 |     8 |     8 |     8 ||    40
   Stab: Confused          |       |       |       |       |     1 |       |       |       ||     1
         Distracted        |       |       |       |       |       |     1 |       |       ||     1
 Armour: Animal skin       |    19 |     3 |       |       |       |       |       |       ||    22
         Leather armour    |       |    21 |       |       |       |       |       |       ||    21
         Chain mail        |       |    16 |   167 |    21 |       |       |       |       ||   204
         Plate armour      |       |       |       |   286 |   761 |   524 |   388 |   439 ||  2398
  Dodge: Dodged            |    42 |    42 |   119 |   165 |   398 |   372 |   417 |   567 ||  2122
  Block: Kite shield       |    11 |    43 |   109 |   335 |   841 |   939 |  1490 |  1661 ||  5429
